 Dungeon Crawl Stone Soup version 0.21-a0-241-g2cbab09 (webtiles) character file.

805 Chiseanne the Ducker (level 7, -3/37 HPs)
             Began as a Spriggan Wanderer on Sept 3, 2017.
             Slain by a killer bee (5 damage)
             ... on level 5 of the Dungeon.
             The game lasted 00:09:38 (4248 turns).

Chiseanne the Ducker (Spriggan Wanderer)            Turns: 4248, Time: 00:09:38

Health: -3/37      AC:  6    Str:  9 (12) XL:     7   Next: 60%
Magic:  17/17      EV: 22    Int:  9 (11) God:
Gold:   191        SH:  5    Dex: 14 (16) Spells: 6/6 levels left

rFire    . . .     SeeInvis +   a - +2 quarterstaff
rCold    . . .     Gourm    .   (shield currently unavailable)
rNeg     . . .     Faith    .   b - +2 robe
rPois    .         Spirit   .   v - +1 hat
rElec    .         Reflect  +   o - +0 cloak
rCorr    .         Harm     .   (gloves unavailable)
MR       +....                  (boots unavailable)
Stlth    ++........             g - +5 amulet of reflection
HPRegen  0.12/turn              n - ring of magical power
MPRegen  0.15/turn              (no ring)

@: lethally poisoned (-3 -> -7), flying, very quick
A: unfitting armour, see invisible, herbivore 3, speed 3, slow metabolism 2
a: no special abilities


You were on level 5 of the Dungeon.
You were full.

You visited 1 branch of the dungeon, and saw 5 of its levels.
You also visited: Ossuary.

You collected 191 gold pieces.

Inventory:

Hand Weapons
 a - a +2 quarterstaff (weapon)
 u - a +0 war axe of flaming
 w - a +0 blowgun
Missiles
 h - 85 arrows
 i - a tomahawk (quivered)
 k - 48 stones
Armour
 b - a +2 robe (worn)
 o - a +0 cloak (worn)
 v - a +1 hat (worn)
Jewellery
 g - a +5 amulet of reflection (around neck)
 m - an uncursed amulet of guardian spirit {unknown}
 n - a ring of magical power (left hand)
Scrolls
 c - 5 scrolls of teleportation
 f - a scroll of holy word {unknown}
 q - 2 scrolls of fog
 r - 3 scrolls of remove curse
Potions
 p - a potion of ambrosia {unknown}
Comestibles
 d - 4 bread rations


   Skills:
 * Level 4.2 Fighting
 * Level 4.4 Staves
 * Level 7.7 Dodging
 - Level 1.5 Stealth
   Level 1.0 Shields


You had 6 spell levels left.
You didn't know any spells.

Dungeon Overview and Level Annotations

Branches:
Dungeon (5/15)
 Temple: D:4-7

Altars:
Cheibriados
Dithmenos
Elyvilon
Hepliaklqana
Makhleb
Ru
Vehumet

Annotations:
D:5 Chiseanne's ghost, novice OgWn; Dowan; Duvessa


Innate Abilities, Weirdness & Mutations

You are very small and have problems with some larger weapons.
You are too small for most types of armour.
You have supernaturally acute eyesight. (SInv)
You are a herbivore.
You cover ground extremely quickly.
You need consume almost no food.


Message History

You block the killer bee's attack. The killer bee stings you.
* * * LOW HITPOINT WARNING * * *
The killer bee barely misses you.
You barely miss the killer bee.
The killer bee is heavily wounded.
You feel sick. The killer bee misses you. The killer bee stings you!
* * * LOW HITPOINT WARNING * * *
You miss the killer bee.
The killer bee is heavily wounded.
* * * LOW HITPOINT WARNING * * *
You feel sick. The killer bee completely misses you.
The killer bee barely misses you.
It was a potion of flight.
You feel very buoyant.
You fly up into the air.
The killer bee misses you. x2
It was a potion of degeneration.
There was something very wrong with that liquid.
You feel weakened.
You feel dopey.
You feel clumsy. The killer bee completely misses you.
The killer bee stings you.
You die...

*** #.############
#(..(.y@....(#
#.##########.# ##### *,*
#.# #...#### *** *,*
####.# #....... ,,* *,*
#....# #...#... ..#
***'#######..y.####..###.#
..####
*,,.......y...........#...
.....#
*,,.y..................._.
.....#
*,,...................#...


You could see a killer bee.

Vanquished Creatures
  An ogre (D:5)
  An elf zombie (D:5)
  A bullfrog (D:3)
  2 elf skeletons (D:5)
  A scorpion (D:3)
  2 killer bees (D:5)
  A howler monkey (D:4)
  3 hounds (D:4)
  A human skeleton (D:5)
  2 orc wizards (D:4)
  A worker ant (D:4)
  2 mummies (D:5)
  2 adders
  3 worms
  2 leopard geckos
  6 orcs (D:4)
  2 giant cockroaches
  4 goblins
  6 hobgoblins
  A jackal (D:1)
  2 quokkas (D:3)
  5 bats
  4 frilled lizards
  A hobgoblin zombie (Ossuary)
  5 kobolds
  2 kobold zombies (Ossuary)
  2 orc skeletons (D:5)
  An orc zombie (Ossuary)
  7 rats
73 creatures vanquished.

Vanquished Creatures (others)
  A bat (D:3)
1 creature vanquished.

Grand Total: 74 creatures vanquished

Notes
Turn   | Place    | Note
-------+----------+-------------------------------------------
     0 | D:1      | Chiseanne the Spriggan Wanderer began the quest for the Orb.
     0 | D:1      | Chiseanne set off with: a +2 robe, a +0 quarterstaff, a scroll of teleportation, a bread ration
     0 | D:1      | Reached XP level 1. HP: 10/10 MP: 2/2
   309 | D:1      | Reached XP level 2. HP: 15/15 MP: 3/3
   826 | D:2      | Reached skill level 4 in Dodging
  1039 | D:2      | Reached XP level 3. HP: 18/18 MP: 4/4
  1058 | D:2      | Found a white marble altar of Elyvilon.
  1059 | D:2      | Found a snail-covered altar of Cheibriados.
  1242 | D:3      | Noticed a scorpion
  1252 | D:3      | Killed a scorpion
  1252 | D:3      | Reached XP level 4. HP: 22/23 MP: 5/5
  1350 | D:3      | Noticed a bullfrog
  1360 | D:3      | Killed a bullfrog
  1360 | D:3      | Reached skill level 5 in Dodging
  1360 | D:3      | Reached XP level 5. HP: 24/27 MP: 6/6
  2190 | D:4      | Found a burning altar of Makhleb.
  2322 | D:4      | Reached XP level 6. HP: 18/32 MP: 7/7
  2329 | D:4      | Reached skill level 6 in Dodging
  2586 | D:4      | Found a sacrificial altar of Ru.
  2589 | D:4      | Found a hazy altar of Hepliaklqana.
  2592 | D:4      | Found a shadowy altar of Dithmenos.
  3198 | D:5      | Entered Level 5 of the Dungeon
  3198 | D:5      | Noticed Duvessa
  3198 | D:5      | Noticed Dowan
  3198 | D:5      | Noticed an ice beast
  3295 | D:5      | Noticed Chiseanne's ghost (novice OgWn)
  3676 | D:5      | Found a radiant altar of Vehumet.
  3703 | D:5      | Found a sand-covered staircase.
  3715 | D:5      | Reached skill level 7 in Dodging
  3715 | D:5      | Reached XP level 7. HP: 37/37 MP: 8/8
  3718 | Ossuary  | Entered an ossuary
  4248 | D:5      | Slain by a killer bee

Vault maps used:
D:1:      sevenhm_arrival_forest_fort_small_6, serial_park_tiny_1
D:2:      chequers_temple_overflow_statue_of_worship, first_bread,
          hangedman_feature_mirror
D:3:      kb_forest_paths, hangedman_decor_slide_cut
D:4:      grunt_temple_overflow_diamond, serial_park_tiny_1,
          makhleb_blood_cavern_becter
D:5:      vehumet_crystals, nicolae_ossuary_entry_catacombs, uniq_duvessa
Ossuary:  ossuary_tomb_3

Skill      XL: |  1  2  3  4  5  6  7 |
---------------+----------------------+-----
Dodging        | 4 5 7 |  7.7
Fighting       | 2 3 4 |  4.2
Staves         | 3 4 |  4.4
Stealth        | |  1.5
Shields        | |  1.0

Action                   |  1- 3 |  4- 6 |  7- 9 || total
-------------------------+-------+-------+-------++-------
Melee: Quarterstaff      |    72 |   136 |    74 ||   282
 Fire: Blowgun           |       |    16 |    22 ||    38
Throw: Tomahawk          |       |       |     7 ||     7
  Use: Scroll            |     7 |     5 |       ||    12
       Potion            |       |     3 |     3 ||     6
 Stab: Sleeping          |     3 |     3 |     1 ||     7
  Eat: Bread ration      |       |       |     1 ||     1
Armor: Robe              |    10 |    15 |     8 ||    33
Dodge: Dodged            |    56 |   137 |    72 ||   265
Block: Other             |       |     5 |    20 ||    25

Table legend:
 A = Spawn XP
 B = Non-spawn XP
 C = Spawn XP percentage of total XP
 D = Spawn monster count
 E = Non-spawn monster count
 F = Spawn count percentage of total count
 G = Total turns spent on level
                    A         B        C        D         E        F      G
               +---------+---------+-------+---------+---------+-------+---------
         Total |     104 |    1047 |   9.0 |       6 |      67 |   8.2 |  4248
               +---------+---------+-------+---------+---------+-------+---------
           D:1 |       4 |      21 |  16.0 |       2 |      13 |  13.3 |   757
           D:2 |       0 |      16 |   0.0 |       0 |       8 |   0.0 |   424
           D:3 |       0 |     197 |   0.0 |       0 |      18 |   0.0 |   943
           D:4 |     100 |     233 |  30.0 |       4 |      12 |  25.0 |  1353
           D:5 |       0 |     576 |   0.0 |       0 |      12 |   0.0 |   720
       Ossuary |       0 |       4 |   0.0 |       0 |       4 |   0.0 |    51
               +---------+---------+-------+---------+---------+-------+---------
